 Dungeon Crawl Stone Soup version 0.30-a0-165-g1891117ce2 (webtiles) character file.

Game seed: 15985172240312817526

88 qw the Chopper (level 4, -1/28 HPs)
             Began as a Gargoyle Fighter on Sept 28, 2022.
             Slain by a worm (3 damage)
             ... on level 3 of the Dungeon.
             The game lasted 00:00:43 (2448 turns).

qw the Chopper (Gargoyle Fighter)                   Turns: 2448, Time: 00:00:44

Health: -1/28      AC: 16    Str: 21    XL:     4   Next: 54%
Magic:  4/4        EV:  5    Int:  9    God:
Gold:   102        SH:  4    Dex:  9    Spells: 3/3 levels left

rFire   . . .      SeeInvis .    Y - +1 war axe
rCold   . . .      Faith    .    c - +0 buckler
rNeg    + . .      Spirit   .    f - +0 plate armour
rPois   inf        Reflect  .    l - +0 helmet
rElec   +          Harm     .    (no cloak)
rCorr   .          Rampage  .    (no gloves)
Will    .....                    (no boots)
Stlth   ..........               (no amulet)
HPRegen 0.09/turn                (no ring)
MPRegen 0.09/turn                (no ring)

@: no status effects
A: sickness immunity, AC +3, negative energy resistance 1, electricity
resistance, torment resistance 1, petrification resistance
a: no special abilities


You were on level 3 of the Dungeon.
You visited 1 branch of the dungeon, and saw 3 of its levels.

You collected 102 gold pieces.


Innate Abilities, Weirdness & Mutations

You are immune to sickness and miasma.
Your stone body is resilient. (AC +3)
You are immune to poison.
You resist negative energy. (rN+)
You are resistant to electric shocks. (rElec)
You are resistant to unholy torment.
You are immune to petrification.


   Skills:
 - Level 3.2 Fighting
 + Level 4.2 Axes
 - Level 3.2 Armour
 - Level 3.2 Shields


You had 3 spell levels left.
You didn't know any spells.
Your spell library was empty.

Inventory:

Hand Weapons
 i - a +0 whip
 Y - a +1 war axe (weapon)
Armour
 c - a +0 buckler (worn)
 f - a +0 plate armour (worn)
 l - a +0 helmet (worn)
Scrolls
 a - 3 scrolls of identify
Potions
 d - 3 potions of might
 e - a potion of heal wounds {unknown}

Dungeon Overview and Level Annotations

Branches:
Dungeon (3/15)

Altars:
Nemelex Xobeh


Message History

The worm is heavily wounded.
You barely miss the worm.
The worm is heavily wounded.
You slash Ijyb! You closely miss the ball python.
You block the ball python's attack. The ball python grabs you.
The ball python constricts you. Ijyb screams, "I dance on your bones!"
Ijyb hits you with a +3 dagger. The worm bites you but does no damage.
You barely miss the ball python. You completely miss the worm. You slash Ijyb!
The ball python bites you. The ball python constricts you.
You block Ijyb's attack. You block the worm's attack.
The ball python bites you but does no damage.
The ball python constricts you.
Ijyb screams, "Level is mine!
All mine!"
Ijyb hits you with a +3 dagger.
You barely miss the ball python. You barely miss Ijyb.
You barely miss the worm.
The ball python bites you but does no damage.
The ball python constricts you. Ijyb hits you but does no damage.
The worm bites you but does no damage.
The ball python bites you but does no damage.
The ball python constricts you.
You closely miss the ball python. You hit Ijyb. You hit the worm.
Ijyb hits you with a +3 dagger. You block the ball python's attack.
The ball python constricts you. The worm bites you but does no damage.
You slash the ball python!
You kill the ball python!
You hit the worm. You hit Ijyb. Ijyb barely misses you.
You block Ijyb's attack.
You hit Ijyb.
You kill Ijyb!
You hit the worm. The worm bites you but does no damage.
Your Axes skill increases to level 4!
You hit the worm.
The worm is almost dead.
The worm bites you.
You barely miss the worm.
The worm is almost dead.
The worm bites you.
You die...

#######.# #.....>..
#.......# ## ########
#!#...... . #.......
#.......#.# #.####.#
..(.....#.#.###
#.####.# #...%w.....$
#.#..... #.)@###.#
#.#.##.. ##......#
#.#.##.#
##.#########.......
##..# #......##.#
#.... ###.####.##.#
#...#.#........##.#
#...###.#.##...##..
#.###..%###.#.##...##
#
#...........#.......#


You could see a worm.

Vanquished Creatures
  Ijyb (D:3)
  2 worms
  3 dart slugs
  9 bats
  6 endoplasms
  A giant cockroach (D:1)
  6 hobgoblins
  4 kobolds
  A quokka (D:1)
  6 ball pythons
  A frilled lizard (D:2)
  4 goblins
  4 rats (D:1)
48 creatures vanquished.

Notes
Turn   | Place    | Note
-------+----------+-------------------------------------------
     0 | D:1      | qw the Gargoyle Fighter began the quest for the Orb.
     0 | D:1      | Reached XP level 1. HP: 14/14 MP: 1/1
     0 | D:1      | 0 ||| qw: Version: 0.2-a-12-gaebbb33
     0 | D:1      | 0 ||| qw: Game counter: 894
     0 | D:1      | 0 ||| qw: Always use a shield: true
     0 | D:1      | 0 ||| qw: God list: Okawaru
     0 | D:1      | 0 ||| qw: Allow faded altars: false
     0 | D:1      | 0 ||| qw: Do Orc after D:15 true
     0 | D:1      | 0 ||| qw: Do second Lair branch before Depths: true
     0 | D:1      | 0 ||| qw: Lair rune preference: random
     0 | D:1      | 0 ||| qw: Plans: Normal, Zot:1-4, God:TSO, Crypt, Tomb,
                  | Pan, Slime:5, Hells, Abyss, Orb
     0 | D:1      | 0 ||| PLANNING D:1-11
   136 | D:1      | Reached skill level 2 in Axes
   385 | D:1      | Reached XP level 2. HP: 19/19 MP: 2/2
   425 | D:1      | 425 ||| Stepping ~*~*~tactically~*~*~ (hiding).
   504 | D:1      | Reached skill level 3 in Axes
   505 | D:1      | 505 ||| DROPPING +0 club.
   775 | D:1      | Reached XP level 3. HP: 23/23 MP: 3/3
   988 | D:1      | 988 ||| UPGRADING to +0 plate armour.
   998 | D:1      | 998 ||| DROPPING +0 scale mail.
   999 | D:1      | 999 ||| READING scroll labelled SUW ECSEEXA.
  1000 | D:1      | 1000 ||| READING scroll labelled WUALLEOTTE.
  1668 | D:2      | Identified the +5 hand axe of Beyond {venom, Contam Str+5
                  | Int+7}
  1670 | D:2      | 1670 ||| DROPPING +5 hand axe of Beyond {venom, Contam
                  | Str+5 Int+7}.
  2066 | D:2      | 2066 ||| UPGRADING to +0 helmet.
  2071 | D:2      | 2071 ||| READING scroll labelled PEYFONTIRY.
  2072 | D:2      | 2072 ||| READING scroll labelled KARA NYKYARY.
  2073 | D:2      | 2073 ||| READING scroll labelled OLI COVOFINU.
  2076 | D:2      | 2076 ||| READING scroll labelled ORHEHESUSH.
  2077 | D:2      | 2077 ||| READING scroll labelled VED KAUZXA.
  2078 | D:2      | 2078 ||| DRINKING 2 ruby potions.
  2179 | D:2      | 2179 ||| DROPPING potion of ambrosia.
  2297 | D:3      | Found a sparkling altar of Nemelex Xobeh.
  2361 | D:3      | Reached XP level 4. HP: 28/28 MP: 4/4
  2437 | D:3      | Noticed Ijyb
  2442 | D:3      | HP: 7/28 [Ijyb/+3 dagger (4)]
  2446 | D:3      | Killed Ijyb
  2447 | D:3      | Reached skill level 4 in Axes
  2447 | D:3      | HP: 2/28 [worm (3)]
  2448 | D:3      | Slain by a worm

Levels and vault maps discovered:
D:1:      dpeg_arrival_long_road, layout_basic, kennysheep_small_spiral,
          st_stairs_5
D:2:      layout_loops_corners
D:3:      layout_loops_cross, mainiacjoe_overflow_boulevard, uniq_ijyb

Skill      XL: |  1  2  3  4 |
---------------+-------------+-----
Axes           | 2 3 4 |  4.2
Fighting       | |  3.2
Armour         | |  3.2
Shields        | |  3.2

Action                   |  1- 3 |  4- 6 || total
-------------------------+-------+-------++-------
Melee: War axe           |   115 |    18 ||   133
  Use: Scroll            |     7 |       ||     7
       Potion            |     1 |       ||     1
Armor: Scale mail        |    30 |       ||    30
       Plate armour      |    27 |    11 ||    38
Dodge: Dodged            |    41 |     2 ||    43
Block: Buckler           |    16 |     7 ||    23

Table legend:
 A = Non-vault XP
 B = Vault XP
 C = Vault XP percentage of total XP
 D = Non-vault monster count
 E = Vault monster count
 F = Vault count percentage of total count
                 A         B        C        D         E       F
            +---------+---------+-------+---------+---------+-------
      Total |      82 |      45 |  35.4 |      43 |       5 |  10.4
            +---------+---------+-------+---------+---------+-------
        D:1 |      36 |       9 |  20.0 |      22 |       4 |  15.4
        D:2 |      32 |       0 |   0.0 |      14 |       0 |   0.0
        D:3 |      14 |      36 |  72.0 |       7 |       1 |  12.5
            +---------+---------+-------+---------+---------+-------
